 Dungeon Crawl Stone Soup version 0.25-a0-279-g53730b6a6f (webtiles) character file.

Game seed: 9264675702935617047, levelgen mode: deterministic

56 MoonlitKnight the Poker (level 3, 0/28 HPs)
             Began as a Merfolk Gladiator on Dec 10, 2019.
             Slain by a gnoll
             ... wielding a +0 whip
              (1 damage)
             ... on level 2 of the Dungeon.
             The game lasted 00:03:48 (1231 turns).

MoonlitKnight the Poker (Merfolk Gladiator)         Turns: 1231, Time: 00:03:48

Health: 0/28       AC:  6    Str: 15    XL:     3   Next: 97%
Magic:  3/3        EV: 12    Int:  7    God:
Gold:   59         SH:  0    Dex: 15    Spells: 2/2 levels left

rFire    . . .     SeeInvis .   a - +0 trident
rCold    . . .     Gourm    .   (no shield)
rNeg     . . .     Faith    .   j - +0 ring mail
rPois    .         Spirit   .   c - +0 helmet
rElec    .         Reflect  .   (no cloak)
rCorr    .         Harm     .   (no gloves)
MR       .....                  (no boots)
Stlth    +.........             (no amulet)
HPRegen  0.09/turn              (no ring)
MPRegen  0.08/turn              (no ring)

@: drained
A: change form in water, swift swim, stealthy swim
a: no special abilities


You were on level 2 of the Dungeon.
You were not hungry.

You visited 1 branch of the dungeon, and saw 2 of its levels.

You collected 59 gold pieces.

Inventory:

Hand Weapons
 a - a +0 trident (weapon)
Missiles
 l - 44 stones (quivered)
Armour
 b - a +0 leather armour
 c - a +0 helmet (worn)
 j - a +0 ring mail (worn)
Scrolls
 h - a scroll of fog {unknown}
 i - 4 scrolls of remove curse {unknown}
 m - a scroll of magic mapping {unknown}
 o - 3 scrolls of identify {unknown}
 p - a scroll of teleportation {unknown}
Potions
 e - a potion of heal wounds {unknown}
 k - 2 potions of mutation {unknown}
 n - 2 potions of curing {unknown}
 q - 2 potions of might {unknown}
Comestibles
 f - 6 rations
 g - 4 chunks of flesh


   Skills:
 + Level 2.9(2.0) Fighting
 + Level 5.1(4.1) Polearms
 + Level 2.7(1.8) Throwing
 + Level 4.7(3.7) Dodging


You had 2 spell levels left.
You didn't know any spells.
Your spell library was empty.

Dungeon Overview and Level Annotations

Branches:
Dungeon (2/15)

Altars:


Message History

The gnoll hits you from afar with a +0 spear.
* * * LOW HITPOINT WARNING * * *
The gnoll hits you but does no damage. The gnoll hits you with a +0 whip.
* * * LOW HITPOINT WARNING * * *
Unknown command.
You hit the gnoll.
The gnoll is lightly wounded.
The gnoll misses you. x3
You barely miss the gnoll.
The gnoll is lightly wounded.
The gnoll hits you from afar with a +0 spear.
* * * LOW HITPOINT WARNING * * *
The gnoll hits you with a +0 whip.
* * * LOW HITPOINT WARNING * * *
The gnoll hits you but does no damage.
You closely miss the gnoll.
The gnoll is lightly wounded.
The gnoll hits you but does no damage. The gnoll barely misses you.
The gnoll hits you with a +0 whip.
You die...

.......÷......†...#....#
#########.##...#####....#
# #..........# .# ##...#
# #.###.##...##.# ##..# #
##.###.........# #.. #
#.............## #
#............g# #
#...........#g# #
#...........#@#
####.........#.g.#
...................
#####.#######...... #÷#
#..##### #.##### #..#
#.....###..# #......##..
#......#


You could see 3 gnolls.

Vanquished Creatures
  2 adders (D:2)
  A leopard gecko (D:2)
  5 bats
  6 goblins
  5 hobgoblins (D:1)
  7 jackals
  A frilled lizard (D:1)
  3 kobolds (D:1)
  A rat (D:1)
31 creatures vanquished.

Notes
Turn   | Place    | Note
-------+----------+-------------------------------------------
     0 | D:1      | MoonlitKnight the Merfolk Gladiator began the quest for the
                  | Orb.
     0 | D:1      | Reached XP level 1. HP: 16/16 MP: 1/1
    64 | D:1      | Reached XP level 2. HP: 17/23 MP: 2/2
   862 | D:1      | Reached XP level 3. HP: 28/28 MP: 3/3
  1157 | D:2      | Reached skill level 5 in Polearms
  1230 | D:2      | HP: 1/28 [gnoll/+0 whip (2)]
  1231 | D:2      | Slain by a gnoll

Levels and vault maps discovered:
D:1:      sevenhm_arrival_forest_fort_large_4, layout_loops_cross,
          hangedman_feature_mirror, minmay_pentomino_r4
D:2:      layout_basic, makhleb_blood_cavern_becter, grunt_qazlal_sundering

Skill      XL: |  1  2  3 |
---------------+----------+-----
Polearms       | 5 |  5.1
Fighting       | |  2.9
Throwing       | |  2.7
Dodging        | |  4.7

Action                   || total
-------------------------++-------
Melee: Trident           ||   112
Throw: Stone             ||    18
       Throwing net      ||     3
  Eat: Chunk             ||     1
Armor: Leather armour    ||     4
       Ring mail         ||    46
Dodge: Dodged            ||   102

Table legend:
 A = Non-vault XP
 B = Vault XP
 C = Vault XP percentage of total XP
 D = Non-vault monster count
 E = Vault monster count
 F = Vault count percentage of total count
                 A         B        C        D         E       F
            +---------+---------+-------+---------+---------+-------
      Total |      76 |       5 |   6.2 |      28 |       3 |   9.7
            +---------+---------+-------+---------+---------+-------
        D:1 |      32 |       5 |  13.5 |      18 |       3 |  14.3
        D:2 |      44 |       0 |   0.0 |      10 |       0 |   0.0
            +---------+---------+-------+---------+---------+-------
